Map: Acid Plant LE

Players

SpeCial - Winner!

  • Race: Terran Terran
  • Spawn Location: 5:00

Hellraiser

  • Race: Protoss Protoss
  • Spawn Location: 11:00

Event: IEM Season 12 - Katowice

VOD

Have the link to the VOD?

Description

Time

  • Played on: Feb. 27, 2018, 4:26 a.m.
  • Length: 9:57

All games in this series

Show
View Real Time Build Order
Export as new Build Order

SpeCial Terran - Winner!

Build Orders: Gas First Reaper Expand, Reaper Expand, MMM Bio 

Get SALT Encoding   

  12  0:00  SCV  
  13  0:12  SCV  
  14  0:17  Supply Depot  
  14  0:24  SCV  
  15  0:29  Refinery  
  15  0:38  SCV  
  16  0:44  Barracks  
  16  0:50  SCV  
  17  1:02  SCV  
  18  1:15  SCV  
  19  1:32  Reaper, Orbital Command  
  20  1:44  Command Center  
  20  1:55  Factory  
  20  2:00  SCV  
  21  2:06  Barracks Reactor  
  21  2:12  SCV  
  21  2:15  Supply Depot  
  22  2:17  Refinery  
  22  2:24  SCV  
  23  2:36  SCV  
  24  2:42  Starport  
  24  2:43  Marine x2  
  26  2:48  SCV, Factory Tech Lab  
  27  2:57  Orbital Command  
  27  3:01  Marine x2  
  29  3:05  SCV  
  30  3:18  SCV, Marine  
  30  3:19  Marine  
  33  3:23  SCV  
  34  3:30  SCV  
  34  3:32  Raven  
  37  3:34  Factory Tech Lab  
  37  3:37  Barracks  
  37  3:40  SCV  
  38  3:42  SCV  
  38  3:46  Marine x2  
  38  3:48  Supply Depot  
  41  3:52  SCV  
  41  3:54  SCV  
  43  3:55  Siege Tank  
  46  4:09  SCV x2, Marine x2  
  50  4:11  Supply Depot  
  50  4:15  Liberator  
  50  4:21  SCV x2  
  52  4:26  Engineering Bay, Refinery  
  52  4:33  SCV x2, Marine x2  
  52  4:34  Marine  
  52  4:36  Supply Depot  
  60  4:45  SCV x2  
  62  4:55  Marine  
  62  4:58  SCV, Siege Tank, Marine  
  67  5:00  Supply Depot x2, SCV  
  67  5:01  Marine  
  67  5:02  Combat Shields  
  69  5:10  SCV  
  70  5:16  Barracks  
  70  5:21  Marine x3  
  70  5:22  Starport Reactor  
  70  5:24  Supply Depot x2, SCV x2, Terran Infantry Weapons Level 1  
  75  5:36  SCV  
  75  5:39  Marine x2, Factory Reactor  
  78  5:45  Marauder  
  79  5:51  SCV  
  79  5:53  Supply Depot, Refinery  
  80  5:57  Marine  
  80  6:00  Marine  
  82  6:06  SCV, Command Center, Marauder  
  85  6:14  Barracks, Medivac x2  
  85  6:15  Marine, Barracks  
  90  6:26  SCV x2  
  83  6:40  Marine x2  
  83  6:41  Marauder  
  83  6:42  SCV, Marauder  
  83  6:44  Stimpack, Concussive Shells  
  83  6:45  Viking x2  
  93  6:54  SCV x2  
  91  7:03  Starport  
  91  7:04  Marine x2  
  91  7:05  Marauder x2  
  91  7:06  SCV, Barracks Tech Lab  
  91  7:07  SCV  
  99  7:08  Supply Depot  
  99  7:15  Barracks Tech Lab  
  96  7:18  Terran Infantry Armor Level 1  
  96  7:22  Viking, Marine x2  
  100  7:27  Viking  
  100  7:28  Orbital Command  
  102  7:35  Marine x2  
  102  7:37  Marauder x2  
  108  7:46  Viking x2  
  108  7:47  SCV x2  
  114  7:54  SCV  
  114  7:55  Supply Depot, Refinery  
  114  7:58  Marine x2, Marauder  
  119  8:00  Supply Depot  
  119  8:03  Viking  
  121  8:07  Viking  
  122  8:13  Marauder  
  122  8:14  Marauder x2  
  122  8:15  SCV, Marine  
  122  8:16  Marine  
  122  8:17  SCV x2  
  132  8:21  Viking  
  132  8:25  Viking  
  136  8:28  SCV  
  136  8:29  SCV  
  136  8:30  Marauder  
  136  8:33  Marine x2  
  141  8:35  Marauder  
  142  8:41  Viking, Medivac  
  142  8:46  SCV x2  
  146  8:53  Marine x2  
  148  8:56  Marauder  
  148  8:58  SCV  
  148  9:05  Supply Depot x2  
  148  9:07  Supply Depot  
  148  9:16  Marine  
  149  9:21  Supply Depot  
  149  9:26  Armory  
  149  9:27  Marine, Marauder x3  
  149  9:29  Engineering Bay  
  158  9:32  Supply Depot  
Show
View Real Time Build Order
Export as new Build Order

Hellraiser Protoss 

Build Orders: 1 Gate Expand, Double Forge, Colossus Rush 

Get SALT Encoding   

  12  0:00  Probe  
  13  0:12  Probe  
  14  0:17  Pylon  
  14  0:24  Probe (Chrono Boost)  
  16  0:37  Probe (Chrono Boost)  
  16  0:38  Gateway  
  16  0:43  Probe (Chrono Boost)  
  16  0:47  Assimilator  
  17  0:51  Probe  
  18  1:03  Probe  
  19  1:21  Nexus  
  19  1:24  Probe  
  20  1:33  Cybernetics Core  
  20  1:37  Probe  
  21  1:41  Assimilator  
  21  1:49  Probe  
  21  1:51  Pylon  
  22  2:01  Probe  
  22  2:08  Adept (Chrono Boost)  
  23  2:10  Warp Gate  
  23  2:13  Probe  
  26  2:25  Probe  
  26  2:27  Robotics Facility  
  27  2:33  Adept  
  28  2:37  Probe (Chrono Boost)  
  28  2:38  Probe (Chrono Boost)  
  30  2:48  Probe x2 (Chrono Boost)  
  32  2:52  Probe x2 (Chrono Boost)  
  34  3:00  Stalker  
  34  3:04  Probe x2  
  38  3:15  Observer  
  38  3:16  Probe x2  
  41  3:28  Probe x2  
  41  3:31  Gateway  
  41  3:32  Gateway  
  43  3:36  Shield Battery  
  43  3:40  Probe x2  
  45  3:44  Pylon  
  45  3:46  Observer  
  46  3:50  Assimilator  
  46  3:54  Assimilator  
  46  3:57  Robotics Bay  
  46  4:02  Probe x2 (Chrono Boost), Pylon  
  48  4:06  Pylon  
  48  4:08  Observer  
  49  4:11  Probe x2 (Chrono Boost)  
  49  4:16  Probe x2  
  51  4:20  Pylon  
  53  4:28  Probe x2  
  56  4:40  Probe, Colossus (Chrono Boost)  
  63  4:46  Extended Thermal Lance  
  62  4:57  Forge  
  62  4:58  Forge  
  62  5:02  Zealot, Sentry, Stalker  
  62  5:04  Pylon  
  68  5:13  Gateway x2  
  68  5:16  Gateway  
  68  5:20  Colossus (Chrono Boost)  
  73  5:37  Probe  
  73  5:38  Protoss Ground Armor Level 1 (Chrono Boost)  
  73  5:39  Protoss Ground Weapons Level 1 (Chrono Boost)  
  73  5:42  Twilight Council  
  74  5:44  Pylon  
  74  5:54  Zealot x2  
  74  5:55  Zealot  
  80  6:03  Colossus  
  84  6:16  Stalker x2  
  82  6:28  Stalker  
  76  6:41  Probe x2  
  77  6:52  Stalker  
  77  6:53  Probe x2  
  77  6:56  Warp Prism (Chrono Boost)  
  79  7:05  Probe  
  79  7:06  Stalker  
  82  7:09  Probe  
  81  7:19  Probe (Chrono Boost)  
  81  7:21  Probe (Chrono Boost)  
  83  7:26  Charge (Chrono Boost)  
  84  7:33  Probe (Chrono Boost)  
  84  7:34  Probe (Chrono Boost)  
  85  7:39  Pylon  
  85  7:41  Probe, Pylon  
  86  8:04  Sentry x3  
  86  8:05  Stalker x3  
  96  8:09  Pylon, Nexus  
  98  8:19  Probe  
  100  8:20  Probe  
  100  8:38  Zealot x5  
  100  8:40  Pylon  
  110  8:41  Pylon  
  106  8:59  Probe x2  
  106  9:02  Disruptor (Chrono Boost)  
  111  9:11  Probe x2  
  111  9:21  Probe  
  111  9:23  Probe x2  
  114  9:33  Probe, Photon Cannon  
  86  9:51  Zealot x5  
  86  9:52  Zealot  

Tags
 
Add a new tag
Caveats
  • Supply blocks, unpowered buildings, or Contaminate may cause inaccurate times.
  • Supply counts are checked every 10 seconds.